 Dungeon Crawl Stone Soup version 0.30-a0-241-g1121274140 (webtiles) character file.

Game seed: 3009758655104783234

1376 freelancePsychic the Skirmisher (level 8, 0/65 HPs)
             Began as a Barachi Hexslinger on Oct 11, 2022.
             Slain by a troll (6 damage)
             ... on level 6 of the Dungeon.
             The game lasted 00:09:07 (5412 turns).

freelancePsychic the Skirmisher (BaHs)              Turns: 5412, Time: 00:09:07

Health: 0/65       AC: 11    Str: 16    XL:     8   Next: 66%
Magic:  9/9        EV: 11    Int: 13    God:
Gold:   234        SH:  0    Dex: 14    Spells: 8/9 levels left

rFire   . . .      SeeInvis .    (no weapon)
rCold   + . .      Faith    .    (no shield)
rNeg    + . .      Spirit   .    e - +0 ring mail
rPois   .          Reflect  .    c - +2 helmet of the Flute {rC+ rN+ Str+3}
rElec   .          Harm     .    (no cloak)
rCorr   .          Rampage  .    d - +0 pair of gloves
Will    .....                    q - +0 pair of boots
Stlth   +.........               o - amulet of the acrobat
HPRegen 0.30/turn                (no ring)
MPRegen 0.11/turn                (no ring)

@: mighty, slow
A: amphibious, slowness 1, strong legs 1, +LOS
a: Hop


You were on level 6 of the Dungeon.
You visited 2 branches of the dungeon, and saw 7 of its levels.

You collected 234 gold pieces.

Inventory:

Hand Weapons
 a - a +2 sling
 b - a +0 shortbow
Armour
 c - the +2 helmet of the Flute (worn) {rC+ rN+ Str+3}
   (You took it off Robin on level 2 of the Dungeon)

   Str:       It affects your strength (+3).
   rC:        It protects you from cold.
   rN:        It protects you from negative energy.
 d - a +0 pair of gloves (worn)
 e - a +0 ring mail (worn)
 n - a +0 helmet
 q - a +0 pair of boots (worn)
Jewellery
 i - a ring of ice
 o - an amulet of the acrobat (around neck)
 p - an amulet of magic regeneration
Wands
 v - a wand of charming (6)
Potions
 g - 2 potions of mutation
 h - a potion of might
 l - 2 potions of lignification {unknown}
 r - a potion of haste {unknown}
 s - a potion of attraction {unknown}
 t - a potion of curing {unknown}
 u - a potion of ambrosia {unknown}
 w - a potion of flight {unknown}


   Skills:
 + Level 6.9 Fighting
 * Level 8.4 Ranged Weapons
 - Level 2.9 Armour
 - Level 2.1 Dodging
 - Level 1.1 Spellcasting
 - Level 3.2 Hexes


You had 8 spell levels left.
You knew the following spells:

 Your Spells              Type           Power      Damage    Failure   Level
a - Slow                  Hex            36%        N/A       14%         1

Your spell library contained the following spells:

 Spells                   Type           Power      Damage    Failure   Level
 Ensorcelled Hibernation  Hex/Ice        8%         N/A       36%         2
 Passwall                 Tmut/Erth      0%         N/A       61%         2
 Inner Flame              Hex/Fire       4%         N/A       61%         3
 Portal Projectile        Hex/Tloc       8%         N/A       61%         3
 Summon Guardian Golem    Hex/Summ       4%         N/A       61%         3
 Cause Fear               Hex            4%         N/A       80%         4
 Kindle Blastsparks       Fire/Tloc/Air  0%         2d10      83%         3
 Swiftness                Air            0%         N/A       83%         3
 Fulminant Prism          Conj/Hex       2%         3d6       95%         4
 Iskenderun's Mystic Bla  Conj/Tloc      0%         2d3       99%         4
 Lee's Rapid Deconstruct  Erth           0%         3d5*      100%        5
 Orb of Destruction       Conj           0%         9d5       100%        7
 Spellforged Servitor     Conj/Summ      0%         N/A       100%        7


Dungeon Overview and Level Annotations

Branches:
Dungeon (6/15)             Temple (1/1) D:5

Altars:
Ashenzari
Cheibriados
Elyvilon
Fedhas
Gozag
Hepliaklqana
Kikubaaqudgha
Makhleb
Qazlal
Ru
Sif Muna
Trog
Uskayaw
Vehumet
Wu Jian
Xom


Innate Abilities, Weirdness & Mutations

You are amphibious.
You cover ground slowly.
You can hop short distances.
You have an extended range of vision and can be seen from far away.


Message History

You are now empty-handed.
You hit the troll.
The troll is lightly wounded.
The troll closely misses you. The troll claws you!
* * * LOW HITPOINT WARNING * * *
The troll claws you but does no damage.
You barely miss the troll.
The troll is lightly wounded.
The troll bites you but does no damage. The troll barely misses you.
The troll closely misses you.
You feel much better. The troll bites you! The troll claws you!
The troll barely misses you.
You punch the troll!
The troll is moderately wounded.
The troll closely misses you.
The troll claws you but does no damage. x2
You punch the troll!
The troll is heavily wounded.
The troll closely misses you. x2; The troll claws you but does no damage.
You barely miss the troll.
The troll is heavily wounded.
The troll closely misses you. x2; The troll misses you.
You hit the troll.
The troll is heavily wounded.
The troll bites you.
The troll claws you but does no damage. x2
You hit the troll.
The troll is heavily wounded.
The troll bites you but does no damage. The troll closely misses you.
The troll barely misses you.
You hit the troll.
The troll is heavily wounded.
The troll bites you!
* * * LOW HITPOINT WARNING * * *
The troll closely misses you. The troll claws you.
* * * LOW HITPOINT WARNING * * *
You hit the troll.
The troll is severely wounded.
The troll closely misses you. The troll claws you.
* * * LOW HITPOINT WARNING * * *
The troll claws you.
You die...

..#........#################.##.#
######....###..####~≈#######.##.#
...# #...#.#.##.##.≈≈.#8†.....#.#
...# #.....##.##.#.~~.#).####..>#
...# #.....##.###..≈~.##.# ###.#
.).# #...#.##.#.##.~~.##.# #.#
...###....##.##.##.≈≈.##?# #.#
#####......#.# #T#.~~.#8.# #.#
#####)#...##.###@#.~~.#(.# #.#
......#..#.##.#.##.~~.##.# #.#
#######....###.###.~~.##.# #.#
...........##.## #.~~.##.# #.#
######...#.#.# #.~~.#8.# #.#
..........### #.~~.#[.#
####.#.....# #.~~.##.# #.#.....#
# #.~~.##.# ####.#.....# .#
#.≈~.##.#


You could see a troll.

Vanquished Creatures
  2 sky beasts (D:6)
  A black bear (D:6)
  An ice beast (D:6)
  A centaur (D:3)
  A phantom (D:5)
  A necrophage (D:4)
  4 scorpions
  A howler monkey (D:6)
  3 orc priests
  A hound (D:6)
  A jelly (D:5)
  4 iguanas
  Robin (D:2)
  5 gnolls
  8 adders
  3 white imps (D:6)
  An ufetubus (D:6)
  2 worms
  2 dart slugs
  13 orcs
  6 ball pythons
  5 bats
  A bat zombie (D:3)
  10 endoplasms
  3 giant cockroaches (D:1)
  20 goblins
  11 hobgoblins
  4 quokkas
  3 frilled lizards
  6 kobolds
  A rat (D:3)
  2 rat zombies (D:3)
128 creatures vanquished.

Vanquished Creatures (others)
  A butterfly (D:5)
1 creature vanquished.

Grand Total: 129 creatures vanquished

Notes
Turn   | Place    | Note
-------+----------+-------------------------------------------
     0 | D:1      | freelancePsychic the Barachi Hexslinger began the quest for
                  | the Orb.
     0 | D:1      | Reached XP level 1. HP: 15/15 MP: 2/2
   262 | D:1      | Reached XP level 2. HP: 22/22 MP: 3/3
   626 | D:1      | Reached skill level 3 in Ranged Weapons
   626 | D:1      | Reached XP level 3. HP: 13/27 MP: 4/4
   976 | D:2      | Reached skill level 1 in Armour
  1009 | D:2      | Reached XP level 4. HP: 34/34 MP: 5/5
  1603 | D:2      | Identified the +2 helmet of the Flute {rC+ rN+ Str+3}
  1603 | D:2      | Noticed Robin
  1707 | D:2      | Killed Robin
  2173 | D:3      | Found a faded altar of an unknown god.
  2419 | D:3      | Noticed a centaur
  2427 | D:3      | Killed a centaur
  2428 | D:3      | Reached skill level 4 in Ranged Weapons
  2428 | D:3      | Reached XP level 5. HP: 24/41 MP: 6/6
  2775 | D:3      | Reached XP level 6. HP: 31/47 MP: 7/7
  2911 | D:3      | Found an ancient bone altar of Kikubaaqudgha.
  3052 | D:3      | Reached skill level 5 in Ranged Weapons
  3386 | D:4      | Reached XP level 7. HP: 46/55 MP: 6/8
  3561 | D:4      | You fall into a shaft and drop 1 floor!
  3561 | D:5      | Entered Level 5 of the Dungeon
  3561 | D:5      | Found a broken altar of Ashenzari.
  3640 | D:5      | Reached skill level 6 in Ranged Weapons
  3816 | D:5      | Found a white marble altar of Elyvilon.
  3859 | D:5      | Found a staircase to the Ecumenical Temple.
  3883 | D:5      | Reached skill level 5 in Fighting
  3935 | Temple   | Entered the Ecumenical Temple
  4527 | D:6      | Found a large runed translucent door.
  4528 | D:6      | Found a large runed translucent door.
  4536 | D:6      | Found a sacrificial altar of Ru.
  4553 | D:6      | Found a bloodstained altar of Trog.
  4657 | D:6      | Identified the +5 chain mail of Knowledge {rF- Int+9}
  4684 | D:6      | Reached skill level 7 in Ranged Weapons
  4684 | D:6      | Reached XP level 8. HP: 54/64 MP: 9/9
  5133 | D:6      | Reached skill level 8 in Ranged Weapons
  5158 | D:6      | HP: 1/65 [something (6)]
  5395 | D:6      | Noticed a troll
  5412 | D:6      | Slain by a troll

Illustrated notes

Levels and vault maps discovered:
D:1:      lemuel_arrival_tunnels, layout_loops_ring
D:2:      layout_basic, minmay_goblin_outpost, uniq_robin
D:3:      layout_basic, lemuel_zombie_altar_kikubaaqudgha,
          chequers_ecumenical_altar_simple_redux, kennysheep_generic_room_9
D:4:      layout_gridville, grunt_temple_overflow_open
D:5:      layout_cave_pools, nicolae_elyvilon_peaceful_grove,
          mainiacjoe_overflow_concentric_impassable, minmay_temple_entry_trees,
          kennysheep_pointless_box
D:6:      wad_river_or_something, layout_basic, jmf_multi_god_temple2,
          minmay_fountain_box
Temple:   chequers_temple_sunken

Skill      XL: |  1  2  3  4  5  6  7  8 |
---------------+-------------------------+-----
Fighting       | 2 3 4 5 6 |  6.9
Ranged Weapons | 3 4 5 7 8 |  8.4
Armour         | 1 2 |  2.9
Dodging        | |  2.1
Spellcasting   | |  1.1
Hexes          | |  3.2

Action                   |  1- 3 |  4- 6 |  7- 9 || total
-------------------------+-------+-------+-------++-------
Melee: Unarmed           |       |       |    12 ||    12
 Fire: Sling             |   102 |   108 |     2 ||   212
       Shortbow          |       |   148 |   257 ||   405
 Cast: Slow              |     3 |     9 |     1 ||    13
 Abil: Hop               |       |     1 |     1 ||     2
  Use: Scroll            |     1 |     7 |     4 ||    12
       Potion            |       |       |     7 ||     7
Armor: Robe              |     1 |       |       ||     1
       Ring mail         |    21 |    78 |   150 ||   249
Dodge: Dodged            |    41 |   104 |   165 ||   310

Table legend: (Time is in decaauts)
 A = Elapsed time spent in this place.
 B = Non-inter-level travel time spent in this place.
 C = Inter-level travel time spent in this place.
 D = Time resting spent in this place.
 E = Time spent auto-exploring this place.
 F = Levels seen in this place.
 G = Mean time per level.
                   A        B        C        D        E       F      G
               +--------+--------+--------+--------+--------+-----+--------+
         Total |   6265 |   6085 |    180 |    157 |   4707 |   7 |  895.0 |
       Dungeon |   6115 |   5941 |    174 |    157 |   4572 |   6 | 1019.2 |
        Temple |    149 |    143 |      6 |      0 |    135 |   1 |  149.0 |
               +--------+--------+--------+--------+--------+-----+--------+

Top non-repeatable levels by time:
     D:2: 1447 daAuts
     D:3: 1192 daAuts
     D:1: 1038 daAuts
     D:6: 1008 daAuts
     D:5: 955 daAuts
     D:4: 473 daAuts
  Temple: 149 daAuts
